Map: Data-C

Players

NightMare

  • Race: Protoss Protoss
  • League: Master
  • Spawn Location: 3:00

DPGCure (Cure) - Winner!

  • Race: Terran Terran
  • League: Master
  • Spawn Location: 9:00

VOD

Have the link to the VOD?

Description

Time

  • Played on: Oct. 23, 2022, 6:50 p.m.
  • Length: 7:43
Show
View Real Time Build Order
Export as new Build Order

NightMare Protoss 

Build Orders:  

Get SALT Encoding   

  12  0:00  Probe  
  13  0:12  Probe  
  14  0:17  Pylon  
  14  0:24  Probe  
  15  0:36  Probe  
  15  0:38  Gateway  
  16  0:45  Assimilator  
  17  0:53  Pylon  
  17  0:56  Probe  
  17  1:08  Probe  
  18  1:12  Gateway  
  18  1:25  Cybernetics Core  
  18  1:29  Zealot  
  20  1:32  Probe  
  21  1:45  Probe  
  22  1:59  Probe  
  22  2:00  Stalker x2 (Chrono Boost)  
  27  2:12  Pylon  
  27  2:20  Stalker (Chrono Boost)  
  27  2:29  Stalker (Chrono Boost)  
  31  2:47  Stalker  
  33  3:05  Nexus  
  31  3:21  Probe  
  31  3:23  Stalker (Chrono Boost)  
  31  3:24  Assimilator  
  32  3:33  Probe  
  30  3:36  Adept (Chrono Boost)  
  30  3:40  Warp Gate  
  32  3:44  Pylon  
  32  3:45  Probe  
  33  3:52  Shield Battery  
  33  3:57  Probe  
  33  4:02  Gateway  
  34  4:05  Robotics Facility  
  35  4:10  Probe  
  35  4:22  Probe x2  
  37  4:34  Probe x2  
  35  4:46  Probe x2  
  37  4:58  Probe x2  
  37  5:10  Probe x2  
  37  5:18  Immortal (Chrono Boost)  
  37  5:22  Probe  
  37  5:23  Probe  
  43  5:35  Probe x2  
  45  5:45  Sentry  
  45  5:46  Twilight Council, Sentry  
  45  5:47  Probe x2  
  45  5:48  Pylon  
  45  5:49  Pylon  
  51  5:51  Observer (Chrono Boost)  
  52  5:57  Assimilator  
  52  5:59  Probe x2  
  54  6:05  Gateway  
  54  6:09  Gateway  
  54  6:14  Shield Battery, Observer  
  55  6:20  Stalker x2  
  55  6:21  Probe x2  
  60  6:33  Cybernetics Core  
  60  6:35  Gateway  
  60  6:38  Pylon  
  59  6:46  Stalker  
  56  6:51  Stalker  
  36  7:01  Stalker  
  30  7:08  Stalker  
  30  7:10  Stalker  
  30  7:22  Stalker  
  30  7:26  Zealot  
Show
View Real Time Build Order
Export as new Build Order

DPGCure Terran - Winner!

Build Orders:  

Get SALT Encoding   

  12  0:00  SCV  
  13  0:12  SCV  
  14  0:17  Supply Depot  
  14  0:24  SCV  
  15  0:38  SCV  
  15  0:40  Barracks  
  16  0:43  Refinery  
  16  0:50  SCV  
  17  1:02  SCV  
  18  1:14  SCV  
  19  1:27  Orbital Command  
  20  1:36  Command Center  
  20  1:39  Marine  
  20  1:51  Factory  
  20  1:55  SCV  
  21  2:03  Barracks Reactor  
  21  2:06  Supply Depot  
  21  2:09  SCV  
  21  2:13  Refinery  
  22  2:21  SCV  
  23  2:33  SCV  
  23  2:36  Widow Mine  
  25  2:39  Marine x2  
  25  2:43  Supply Depot  
  27  2:49  Starport  
  27  2:50  Bunker  
  27  2:53  SCV  
  27  2:57  Marine x2  
  29  3:01  Widow Mine  
  30  3:06  SCV  
  30  3:15  Marine x2  
  28  3:20  SCV  
  28  3:22  Widow Mine  
  27  3:30  Medivac  
  27  3:32  Marine  
  29  3:34  SCV  
  28  3:43  Factory Tech Lab  
  28  3:46  Marine  
  28  3:47  SCV  
  30  3:53  Marine  
  31  3:59  Supply Depot, SCV  
  32  4:04  Siege Tank  
  32  4:07  Marine  
  36  4:12  Marine  
  37  4:17  Starport Tech Lab  
  37  4:19  SCV  
  36  4:28  Marine  
  36  4:30  Marine  
  35  4:39  SCV  
  35  4:41  Siege Tank  
  39  4:54  Marine x2  
  39  4:55  Banshee  
  44  5:01  SCV  
  39  5:07  Cloaking Field  
  39  5:12  Marine x2  
  40  5:20  Supply Depot, Siege Tank  
  43  5:30  Marine x2  
  43  5:34  SCV  
  46  5:41  Banshee  
  49  5:42  Supply Depot  
  49  5:48  Marine  
  49  5:49  Marine  
  51  5:57  Siege Tank  
  54  6:06  Marine  
  54  6:07  Marine  
  54  6:10  Supply Depot  
  56  6:29  Siege Tank  
  59  6:32  Marine  
  59  6:33  Marine  
  56  6:50  Marine x2  
  47  7:08  Marine x2  
Tags
 
Add a new tag
Caveats
  • Supply blocks, unpowered buildings, or Contaminate may cause inaccurate times.
  • Supply counts are checked every 10 seconds.